 Dungeon Crawl Stone Soup version 0.18-a0-1800-gdc7a371 (webtiles) character file.

49 FitzyFitz the Changer (level 3, -2/26 HPs)
             Began as a Demonspawn Transmuter on Apr 24, 2016.
             Slain by a goblin (4 damage)
             ... led by Robin
             ... on level 2 of the Dungeon.
             The game lasted 00:04:48 (1420 turns).

FitzyFitz the Changer (Demonspawn Transmuter)       Turns: 1420, Time: 00:04:48

Health: -2/26      AC:  2    Str: 10    XL:     3   Next: 51%
Magic:  0/6        EV: 12    Int: 20    God:
Gold:   83         SH:  0    Dex: 13    Spells: 2 memorised, 3 levels left

rFire  . . .     SeeInvis .       - Unarmed
rCold  . . .     Gourm    .     b - +0 robe
rNeg   . . .     Faith    .     (no shield)
rPois  .         Spirit   .     (no helmet)
rElec  .         Dismiss  .     (no cloak)
rCorr  .         Reflect  .     (no gloves)
SustAt .         Harm     .     (no boots)
MR     .....                    (no amulet)
Stlth  +.........               (no ring)
                                (no ring)

@: brilliant, not resistant to hostile enchantments, very unstealthy
A: demonic guardian 1
a: no special abilities


You were on level 2 of the Dungeon.
You were not hungry.

You visited 1 branch of the dungeon, and saw 2 of its levels.

You collected 83 gold pieces.

Inventory:

Hand Weapons
 g - a +0 hunting sling
Missiles
 a - 46 arrows
 i - 50 stones (quivered)
Armour
 b - a +0 robe (worn)
Scrolls
 h - a scroll of enchant armour {unknown}
 k - a scroll of remove curse {unknown}
Books
 c - a book of Changes

   Spells                             Type                      Level
   a - Beastly Appendage              Transmutation                1
   b - Sticks to Snakes               Transmutation                2
   c - Spider Form                    Transmutation/Poison         3
   d - Ice Form                       Ice/Transmutation            4
   e - Blade Hands                    Transmutation                5
Comestibles
 f - a beef jerky


   Skills:
 - Level 1.0 Fighting
 - Level 1.7 Dodging
 - Level 2.6 Unarmed Combat
 - Level 2.0 Spellcasting
 + Level 3.6 Transmutations


You had 3 spell levels left.
You knew the following spells:

 Your Spells              Type           Power        Failure   Level  Hunger
a - Beastly Appendage     Trmt           ####..       1%          1    #......
b - Sticks to Snakes      Trmt           ####....     1%          2    ##.....


Dungeon Overview and Level Annotations

Branches:
Dungeon (2/15)

Altars:
Elyvilon
Kikubaaqudgha

Annotations:
D:2 Jessica, Robin


Innate Abilities, Weirdness & Mutations

A weak demonic guardian rushes to your aid.


Message History

You fail to create any snakes.
The goblin hits you. x2
* * * LOW HITPOINT WARNING * * *
Unknown command.
You hit the goblin.
The goblin is severely wounded.
Your crimson imp hits Robin.
The goblin hits you.
* * * LOW HITPOINT WARNING * * *
The goblin closely misses you.
Something bites your crimson imp but does no damage.
You barely miss the goblin.
The goblin is severely wounded.
Your horns disappear.
Your crimson imp barely misses Robin.
The goblin barely misses you. x2
Something bites your crimson imp.
You hit the goblin.
You kill the goblin!
The goblin no longer looks unusually strong.
Your crimson imp blinks!
The goblin hits you.
You die...

# # # #### # #..##
# ##...##########
####g§..........g.
#@ggg#..########.#
##g.g##.$.# ##<#
###g..#..# #.g#
###.##... #.##
#.##.....g.#
#..###.....# ## .
#?.##.# ##.......#
....g ...
#........# .###
...


You could see Robin, a hobgoblin and 5 goblins.

Vanquished Creatures
  2 giant geckos (D:1)
  3 bats (D:1)
  6 goblins
  3 hobgoblins (D:1)
  A quokka (D:1)
  A giant newt (D:1)
  A kobold (D:1)
  3 rats (D:1)
20 creatures vanquished.

Vanquished Creatures (collateral kills)
  Natasha (D:2)
  2 adders (D:2)
  A hobgoblin (D:2)
  A jackal (D:2)
  A bat (D:2)
6 creatures vanquished.

Grand Total: 26 creatures vanquished

Notes
Turn   | Place    | Note
--------------------------------------------------------------
     0 | D:1      | FitzyFitz the Demonspawn Transmuter began the quest for the Orb.
     0 | D:1      | Reached XP level 1. HP: 15/15 MP: 3/3
    40 | D:1      | Reached skill level 2 in Transmutations
   296 | D:1      | Gained mutation: A weak demonic guardian rushes to your aid. [demonic ancestry]
   296 | D:1      | Reached XP level 2. HP: 21/21 MP: 5/5
   430 | D:1      | Learned a level 2 spell: Sticks to Snakes
  1019 | D:2      | Noticed Jessica
  1084 | D:2      | Found a white marble altar of Elyvilon.
  1101 | D:2      | Found an ancient bone altar of Kikubaaqudgha.
  1132 | D:2      | Noticed Robin
  1133 | D:2      | Reached skill level 3 in Transmutations
  1188 | D:2      | Noticed Natasha
  1206 | D:2      | Reached XP level 3. HP: 9/26 MP: 1/6
  1223 | D:2      | Killed Natasha
  1420 | D:2      | Slain by a goblin

Vault maps used:
D:1:      dpeg_arrival_leaves_temple_mockup, corexii_hall_statues_t,
          minmay_liquid_box
D:2:      nicolae_overflow_quartered_altars, first_bread,
          minmay_shallow_snake_nest, uniq_robin, uniq_natasha, uniq_jessica

Skill      XL: |  1  2 |
---------------+-------+-----
Transmutations | 2 3 |  3.6
Fighting       | |  1.0
Dodging        | |  1.7
Unarmed Combat | |  2.6
Spellcasting   | |  2.0

Action                   || total
-------------------------++-------
Melee: Unarmed           ||    74
       Headbutt          ||     1
 Cast: Beastly Appendage ||    13
       Sticks to Snakes  ||     5
  Use: Scroll            ||     3
       Potion            ||     2
  Eat: Bread ration      ||     1
Armor: Robe              ||    27
Dodge: Dodged            ||    82
